 Dungeon Crawl Stone Soup version 0.30-a0-576-g89cddaab80 (webtiles) character file.

Game seed: 10959278046666635044

6458 wormed the Covert (level 10, 0/53 HPs)
             Began as a Spriggan Hunter on Dec 31, 2022.
             Was a Priest of Okawaru.
             Killed by divine providence
             ... invoked by a meliai
              (13 damage)
             ... on level 8 of the Dungeon.
             The game lasted 00:19:06 (10492 turns).

wormed the Covert (Spriggan Hunter)                Turns: 10492, Time: 00:19:07

Health: 0/53       AC:  4    Str:  7    XL:     10   Next: 67%
Magic:  11/11      EV: 27    Int: 10    God:    Okawaru [***...]
Gold:   340        SH:  0    Dex: 24    Spells: 9/9 levels left

rFire   + + .      SeeInvis +    B - +0 arbalest
rCold   . . .      Faith    +    (shield currently unavailable)
rNeg    . . .      Spirit   .    c - +0 robe "Etefiopi" {rF+}
rPois   .          Reflect  .    (helmet restricted)
rElec   .          Harm     .    y - +1 cloak
rCorr   .          Rampage  .    (gloves unavailable)
Will    ++...                    (boots unavailable)
Stlth   +++++                    m - amulet of faith
HPRegen 0.28/turn                e - ring of willpower
MPRegen 0.12/turn                v - ring of protection from fire

@: very quick
A: very small, no large weapons, unfitting armour, see invisible, speed 3
a: Renounce Religion, Heroism


You were on level 8 of the Dungeon.
You worshipped Okawaru.
Okawaru was most pleased with you.
You visited 2 branches of the dungeon, and saw 9 of its levels.

You collected 457 gold pieces.
You spent 117 gold pieces at shops.

Inventory:

Hand Weapons
 a - a +3 shortbow of freezing
 B - a +0 arbalest (weapon)
Missiles
 s - 2 throwing nets
Armour
 c - the +0 robe "Etefiopi" (worn) {rF+}
   (You found it on level 7 of the Dungeon)

   rF:        It protects you from fire.
 y - a +1 cloak (worn)
Jewellery
 e - a ring of willpower (left hand)
 m - an amulet of faith (around neck)
 v - a ring of protection from fire (right hand)
 x - a +4 ring of protection
Wands
 d - a wand of polymorph (27)
 w - a wand of quicksilver (2)
Scrolls
 b - 3 scrolls of immolation
 f - 4 scrolls of blinking {unknown}
 g - 4 scrolls of teleportation
 h - a scroll of noise {unknown}
 i - a scroll of fog
 l - a scroll of fear {unknown}
 n - a scroll of magic mapping
 o - a scroll of butterflies {unknown}
 p - a scroll of enchant armour
 u - a scroll of poison {unknown}
 A - a scroll of torment {unknown}
 C - 2 scrolls of vulnerability
Potions
 j - a potion of resistance
 k - a potion of mutation {unknown}
 q - a potion of cancellation {unknown}
 r - 4 potions of lignification
 t - a potion of might
 z - a potion of attraction {unknown}
 D - a potion of brilliance {unknown}
 E - a potion of flight {unknown}


   Skills:
 + Level 6.3 Fighting
 * Level 11.1 Ranged Weapons
 + Level 9.9 Dodging
 + Level 11.3 Stealth


You had 9 spell levels left.
You didn't know any spells.
Your spell library contained the following spells:

 Spells                   Type           Power      Damage    Failure   Level
 Beastly Appendage        Tmut           0%         N/A       36%         1
 Magic Dart               Conj           0%         1d3       36%         1
 Necrotise                Necr           0%         1d4       36%         1
 Blink                    Tloc           0%         N/A       50%         2
 Momentum Strike          Conj/Tloc      0%         3d8       50%         2
 Searing Ray              Conj           0%         2d4       50%         2
 Wereblood                Tmut           0%         N/A       50%         2
 Frozen Ramparts          Ice            0%         1d1       75%         3
 Gell's Gravitas          Tloc           0%         N/A       75%         3
 Ignite Poison            Fire/Tmut/Pois 0%         N/A       75%         3
 Kindle Blastsparks       Fire/Tloc/Air  0%         2d10      75%         3
 Lesser Beckoning         Tloc           0%         N/A       75%         3
 Spider Form              Tmut/Pois      0%         N/A       75%         3
 Teleport Other           Tloc           0%         N/A       75%         3
 Fulminant Prism          Conj/Hex       0%         3d5       98%         4
 Ice Form                 Ice/Tmut       0%         N/A       98%         4
 Iskenderun's Mystic Bla  Conj/Tloc      0%         2d3       98%         4
 Sticky Flame             Conj/Fire      0%         2d3       98%         4
 Freezing Cloud           Conj/Ice/Air   0%         6-21      100%        5
 Lee's Rapid Deconstruct  Erth           0%         3d4*      100%        5
 Storm Form               Tmut/Air       0%         N/A       100%        7
 Ignition                 Fire           0%         3d3       100%        8
 Maxwell's Capacitive Co  Air            0%         ∞         100%        8
 Necromutation            Tmut/Necr      0%         N/A       100%        8
 Summon Ice Beast         Ice/Summ       Unusable   N/A       N/A         4
 Summon Lightning Spire   Summ/Air       Unusable   N/A       N/A         4
 Simulacrum               Ice/Necr       Unusable   N/A       N/A         6

Dungeon Overview and Level Annotations

Branches:
Dungeon (8/15)             Temple (1/1) D:7
   Lair: D:8-11

Altars:
Ashenzari
Cheibriados
Dithmenos
Elyvilon
Fedhas
Gozag
Makhleb
Nemelex Xobeh
Okawaru
Trog
Uskayaw
Yredelemnul
The Shining One

Shops:
D:5 (   D:6 [[*:

Annotations:
D:4 Blork the orc, Grinder
D:8 1 runed translucent door, Taurus's ghost, novice MiFi


Innate Abilities, Weirdness & Mutations

You are very small and have problems with some larger weapons.
You are too small for most types of armour.
You have supernaturally acute eyesight. (SInv)
You cover ground extremely quickly. (Speed+++)


Message History

A kobold brigand comes into view.
It is wielding a +0 whip and quivering curare-tipped darts.
The bullfrog moves out of view.
You shoot a bolt. The kobold brigand shouts!
The bolt hits the sky beast!!
You kill the sky beast!
Okawaru accepts your kill.
You hear two shouts!
You hear a bellow!
You hear a shout!
The meliai hits you with a +0 broad axe!
The meliai stings you!
A shadow comes into view.
A catoblepas comes into view.
You shoot a bolt. The bullfrog gives a loud, deep croak!
The bolt hits the meliai!!
The meliai is almost dead.
The meliai completely misses you. x2
The meliai invokes the aid of its god against you.
Something smites you!
A two-headed ogre comes into view.
It is wielding two +0 giant spiked clubs.
The meliai mumbles some strange prayers to its god against you.
Something smites you!
* * * LOW HITPOINT WARNING * * *
The water moccasin barely misses you.
You are too injured to fight recklessly!
You are too injured to fight recklessly!
The shadow slips into darkness.
The shadow flickers and vanishes for a moment.
The meliai closely misses you. The meliai completely misses you.
The meliai attacks as you move away! The meliai closely misses you.
The meliai completely misses you. The meliai barely misses you.
The meliai closely misses you. The meliai attacks as you move away!
The meliai barely misses you.
The meliai stings you but does no damage.
The meliai attacks as you move away! The meliai closely misses you.
The meliai completely misses you. The meliai attacks as you move away!
The meliai misses you. The meliai closely misses you.
The meliai calls down the wrath of its god upon you.
Something smites you!
You die...

..............#..# #.#
#####.#.#######..###.# $?..
..#...............##.# ..Y.
..#.............#..#.## ...F
..#.........#####.....## ...K
..#....####.# #.###..### ...).
..#....####.#####.##.....# #..#
..#....##.........##.###.####†.##
.)#....##.#.....@.y.S...n.o.....#
..'....##.#######.........F...#.#
###....##.# #.###..#####.>#
#######.# #.##..........# #.#
#....#.####...# #.#
######.#....#.# #.#####
#...####.# #.....# ##### #.#
#####.# #.#


You could see a water moccasin and a meliai.

Vanquished Creatures
  A skeletal warrior (D:7)
  A gargoyle (D:7)
  2 unseen horrors
  Prince Ribbit (D:6)
  Sigmund (D:2)
  A wraith (D:6)
  A wyvern (D:7)
  Eustachio (D:6)
  2 steam dragons
  Edmund (D:6)
  2 water moccasins
  Duvessa (D:4)
  2 orc warriors (D:7)
  An ice beast (D:5)
  3 sky beasts
  2 black bears
  4 ogres
  2 centaurs
  A phantom (D:4)
  3 necrophages
  3 bullfrogs
  A scorpion (D:3)
  13 wights
  Dowan (D:4)
  5 howler monkeys
  5 hounds
  3 jellies
  2 gnoll boudas
  An orc priest (D:8)
  Natasha (thrice) (D:4 D:3)
  An iguana (D:6)
  6 orc wizards
  20 gnolls
  12 adders
  2 shadow imps
  4 white imps
  2 ufetubi
  A worm (D:2)
  3 dart slugs
  15 orcs
  3 ball pythons
  2 bats
  6 endoplasms
  2 giant cockroaches
  4 goblins
  6 hobgoblins
  4 jackals (D:1)
  6 kobolds
  4 frilled lizards
  7 rats
180 creatures vanquished.

Vanquished Creatures (others)
  9 plants (D:6)
9 creatures vanquished.

Grand Total: 189 creatures vanquished

Notes
Turn   | Place    | Note
-------+----------+-------------------------------------------
     0 | D:1      | wormed the Spriggan Hunter began the quest for the Orb.
     0 | D:1      | Reached XP level 1. HP: 10/10 MP: 2/2
   116 | D:1      | Got Heoxikuz's Textbook on Frosty Unhallowed Arts
   180 | D:1      | Reached XP level 2. HP: 9/15 MP: 3/3
   455 | D:1      | Found a faded altar of an unknown god.
   813 | D:2      | Reached XP level 3. HP: 18/18 MP: 4/4
   853 | D:2      | Noticed Sigmund
  1080 | D:2      | Noticed an ogre
  1123 | D:3      | Found a burning altar of Makhleb.
  1258 | D:3      | Reached XP level 4. HP: 15/23 MP: 5/5
  1375 | D:3      | Reached skill level 5 in Ranged Weapons
  1712 | D:3      | Reached XP level 5. HP: 26/26 MP: 6/6
  1787 | D:4      | Noticed Blork the orc
  1865 | D:4      | Found a sparkling altar of Nemelex Xobeh.
  2046 | D:4      | Noticed a phantom
  2135 | D:4      | Killed a phantom
  2136 | D:4      | Reached XP level 6. HP: 23/32 MP: 7/7
  2219 | D:4      | Noticed Natasha
  2250 | D:4      | Killed Natasha
  2304 | D:4      | Noticed Duvessa
  2304 | D:4      | Noticed Dowan
  2380 | D:5      | Entered Level 5 of the Dungeon
  2493 | D:5      | Reached skill level 5 in Stealth
  2678 | D:5      | Noticed an ice beast
  2679 | D:5      | Noticed a water moccasin
  2778 | D:6      | Noticed Prince Ribbit
  3069 | D:5      | Reached skill level 5 in Dodging
  3082 | D:5      | Found Imiufuemu's Antique Weapon Emporium.
  3214 | D:4      | Noticed Natasha
  3219 | D:4      | Killed Natasha
  3220 | D:4      | Reached XP level 7. HP: 36/36 MP: 8/8
  3226 | D:4      | Noticed Grinder
  3339 | D:4      | Found a hide-covered altar of Uskayaw.
  3374 | D:4      | Noticed Natasha
  3729 | D:2      | Killed Sigmund
  3850 | D:3      | Killed Natasha
  4299 | D:4      | Killed Duvessa
  4300 | D:4      | Reached XP level 8. HP: 31/42 MP: 9/9
  4308 | D:4      | Killed Dowan
  4803 | D:6      | Noticed Eustachio
  4805 | D:6      | Noticed Edmund
  4811 | D:6      | Found Foepn's Antique Armour Emporium.
  4820 | D:6      | Found Deaff's Assorted Antiques.
  5680 | D:6      | Reached XP level 9. HP: 33/46 MP: 10/10
  5974 | D:6      | Found Hata's Book Shoppe.
  6022 | D:6      | Found Rewnekist's Armour Shoppe.
  6404 | D:7      | Identified the +8 spear of Departure {heavy, Dex+3}
  6449 | D:7      | Found a staircase to the Ecumenical Temple.
  6460 | Temple   | Entered the Ecumenical Temple
  6468 | Temple   | Became a worshipper of Warmaster Okawaru
  6483 | D:7      | Identified the +0 robe "Etefiopi" {rF+}
  6573 | D:7      | Reached skill level 5 in Fighting
  6764 | D:7      | Noticed a skeletal warrior
  6766 | D:7      | Noticed an unseen horror
  7420 | D:6      | Killed Edmund
  7420 | D:6      | Reached * piety under Okawaru
  7836 | D:6      | Killed Prince Ribbit
  8200 | D:6      | Killed Eustachio
  8201 | D:6      | Reached skill level 10 in Ranged Weapons
  8201 | D:6      | Reached skill level 10 in Stealth
  8223 | D:6      | Bought an amethyst potion for 21 gold pieces
  8223 | D:6      | Bought a scroll labelled IMASAR KEUS for 24 gold pieces
  8223 | D:6      | Bought a scroll labelled EREAPN BYOMNA for 24 gold pieces
  8223 | D:6      | Bought a scroll of identify for 48 gold pieces
  8272 | D:7      | Noticed an unseen horror
  8321 | D:6      | Killed an unseen horror
  8321 | D:6      | Reached ** piety under Okawaru
  8322 | D:6      | Reached XP level 10. HP: 8/52 MP: 11/11
  8619 | D:7      | Found an opulent altar of Gozag.
  9002 | D:7      | Killed a skeletal warrior
  9204 | D:7      | Noticed a gargoyle
  9248 | D:7      | Killed a gargoyle
  9248 | D:7      | Reached *** piety under Okawaru
  9839 | D:8      | Noticed Taurus's ghost (novice MiFi)
  9858 | D:8      | Found a runed translucent door.
 10479 | D:8      | Noticed a catoblepas
 10480 | D:8      | Noticed a two-headed ogre
 10492 | D:8      | Killed from afar by a meliai

Illustrated notes

Levels and vault maps discovered:
D:1:      dpeg_arrival_tiny_k, layout_basic, shapermc_ecumenical_altar_gd
D:2:      layout_rooms, uniq_sigmund
D:3:      layout_loops_ring, bloody_makhleb
D:4:      layout_loops_ring, nicolae_uskayaw_suspiria,
          nicolae_overflow_hidden_temple, minmay_vboxes, uniq_natasha,
          uniq_duvessa, uniq_blork_the_orc, uniq_grinder
D:5:      layout_basic, serial_shops, shop_statue, minmay_between
D:6:      hangedman_cross_stitches, layout_basic, serial_shops, shop,
          nicolae_shop_overgrown_old_shop, nicolae_shop_overgrown_old_shop,
          nicolae_shop_stone, uniq_edmund, uniq_prince_ribbit1, uniq_eustachio
D:7:      minmay_the_grid_triangle_9x9_rhombus_thin
          [minmay_the_grid_triangle_9x9_limited_checkers,
          minmay_the_grid_triangle_9x9_prize_insulated,
          minmay_the_grid_triangle_9x9_zippers_vertical,
          minmay_the_grid_triangle_9x9_impossible_snake], layout_layer_cave,
          grunt_gozag_breadcrumbs, minmay_temple_entry_ruins
D:8:      minmay_bloctagon, layout_basic, hellmonk_ghost_happy_afterlife,
          chequers_serial_rivers_micro_e
Temple:   nicolae_temple_two_arcs

Skill      XL: |  1  2  3  4  5  6  7  8  9 10 |
---------------+-------------------------------+-----
Stealth        | 2 3 4 5 6 8 10 11 | 11.3
Dodging        | 3 4 5 6 7 8 9 |  9.9
Fighting       | 2 3 4 5 6 |  6.3
Ranged Weapons | 5 6 7 8 10 11 | 11.1

Action                   |  1- 3 |  4- 6 |  7- 9 | 10-12 || total
-------------------------+-------+-------+-------+-------++-------
Melee: Unarmed           |       |       |     2 |       ||     2
 Fire: Shortbow          |    88 |   177 |   611 |    99 ||   975
       Arbalest          |       |       |       |    48 ||    48
Throw: Throwing net      |       |     2 |       |       ||     2
Evoke: Wand              |       |       |     2 |       ||     2
  Use: Potion            |       |     2 |     7 |       ||     9
       Scroll            |       |       |    14 |       ||    14
Armor: Robe              |     3 |    12 |    12 |     6 ||    33
       Skin              |       |       |     9 |       ||     9
Dodge: Dodged            |    32 |    97 |   306 |    80 ||   515

Table legend: (Time is in decaauts)
 A = Elapsed time spent in this place.
 B = Non-inter-level travel time spent in this place.
 C = Inter-level travel time spent in this place.
 D = Time resting spent in this place.
 E = Time spent auto-exploring this place.
 F = Levels seen in this place.
 G = Mean time per level.
                   A        B        C        D        E       F      G
               +--------+--------+--------+--------+--------+-----+--------+
         Total |   7649 |   7306 |    343 |    280 |   4183 |   9 |  849.9 |
       Dungeon |   7635 |   7292 |    343 |    280 |   4183 |   8 |  954.4 |
        Temple |     13 |     13 |      0 |      0 |      0 |   1 |   13.0 |
               +--------+--------+--------+--------+--------+-----+--------+

Top non-repeatable levels by time:
     D:6: 1724 daAuts
     D:5: 1567 daAuts
     D:7: 1361 daAuts
     D:3: 784 daAuts
     D:4: 699 daAuts
     D:1: 592 daAuts
     D:8: 563 daAuts
     D:2: 344 daAuts
  Temple: 13 daAuts
